 Dungeon Crawl Stone Soup version 0.32-a0-656-g3542139ebd (webtiles) character file.

Game seed: 8902917941612493037

484957 alja1234 the Eclecticist (level 25, -1/171 HPs)
             Began as a Djinni Alchemist on Mar 8, 2024.
             Was a Believer of Elyvilon.
             Slain by a war gargoyle
             ... wielding a +0 morningstar
              (55 damage)
             ... on level 5 of the Vaults.
             The game lasted 04:12:23 (72222 turns).

alja1234 the Eclecticist (Djinni Alchemist)        Turns: 72222, Time: 04:12:24

Health: -1/171     AC: 18    Str: 25    XL:     25   Next: 84%
Gold:   2500       EV: 34    Int: 25    God:    Elyvilon [**....] SH:  0 Dex: 35

rFire   + + .        L - +8 pair of quick blades "Gyre" and "Gimble" {protect}
rCold   . . .        (shield currently unavailable)
rNeg    + + +        A - +3 ring mail {rC+}
rPois   ∞            c - +2 helmet {Int+3}
rElec   +            a - scarf "Buloaxoh" {+Inv, rN++ rCorr Dex+4 Stlth-}
rCorr   +            O - +2 pair of gloves {infuse}
SInv    .            (boots unavailable)
Will    ++...        e - amulet of Ilio {rElec Regen+ Str+8 Int-5}
Stlth   ++++         I - ring "Wikoig" {rC+ Will- Str+3 Int+6 Dex+7}
HPRegen 1.28/turn    y - ring "Haenkoam" {rN++ Will+ Int+3}
MPRegen 0.00/turn

%: infuse magic (-2 HP)
@: flying, studying Stealth
A: sickness immunity, fire resistance 2, cold vulnerability 2, float, innate
caster, HP casting, extra vitality 1, agile 1, frail 1, strong 2
}: 3/15 runes: barnacled, slimy, gossamer
a: Renounce Religion, Evoke Invisibility, Purification, Heal Other


You were on level 5 of the Vaults.
You worshipped Elyvilon.
Elyvilon was pleased with you.
You visited 8 branches of the dungeon, and saw 43 of its levels.
You visited the Abyss 1 time.
You also visited: Sewer, Volcano and Desolation.

You collected 5207 gold pieces.
You spent 2707 gold pieces at shops.

Inventory:

Hand Weapons
 i - the +8 eveningstar of Beogh, Lusting {speed, Str+3 Int+5 Dex-4}
   (You found it in the Desolation of Salt)

   Str+3:     It affects your strength (+3).
   Int+5:     It affects your intelligence (+5).
   Dex-4:     It affects your dexterity (-4).
 l - the +10 scimitar of Ragnarok {freeze, rElec rN++ Will+}
   (You found it on level 4 of the Lair of Beasts)

   rElec:     It insulates you from electricity.
   rN++:      It greatly protects you from negative energy.
   Will+:     It increases your willpower.
 L - the +8 pair of quick blades "Gyre" and "Gimble" (weapon) {protect}
   (You found it on level 8 of the Dungeon)
Armour
 a - the scarf "Buloaxoh" (worn) {+Inv, rN++ rCorr Dex+4 Stlth-}
   (You found it on level 3 of the Elven Halls)

   Dex+4:     It affects your dexterity (+4).
   rN++:      It greatly protects you from negative energy.
   rCorr:     It protects you from acid and corrosion.
   Stlth-:    It makes you less stealthy.
 c - a +2 helmet of intelligence (worn)
 p - a +3 plate armour of fire resistance
 A - a +3 ring mail of cold resistance (worn)
 O - a +2 pair of gloves of infusion (worn)
Magical Staves
 v - the staff of Greed {+Blink rC+ MP+9 Stlth- Necro Ice}
   (You found it on level 4 of the Vaults)

   [staff of cold]

   Base accuracy: +5 Base damage: 5 Base attack delay: 1.2 This weapon's minimum
   attack delay (0.6) is reached at skill level 12.
   rC+:       It protects you from cold.
   MP+9:      It affects your magic capacity (+9).
   +Blink:    It lets you blink.
   Stlth-:    It makes you less stealthy.
   Necro:     It increases the power of your Necromancy spells.
   Ice:       It increases the power of your Ice spells.
   It falls into the 'Staves' category.
   It is a one-handed weapon.
Jewellery
 b - a ring of wizardry
 e - the amulet of Ilio (around neck) {rElec Regen+ Str+8 Int-5}
   (You took it off a deep elf master archer on level 3 of the Elven Halls)

   [amulet of regeneration]

   Str+8:     It affects your strength (+8).
   Int-5:     It affects your intelligence (-5).
   rElec:     It insulates you from electricity.
   Regen+:    It increases your rate of health regeneration.
 r - the ring "Rangorchi" {rN+ rCorr Str+6}
   (You found it in the Desolation of Salt)

   [ring of strength]

   Str+6:     It affects your strength (+6).
   rN+:       It protects you from negative energy.
   rCorr:     It protects you from acid and corrosion.
 y - the ring "Haenkoam" (right hand) {rN++ Will+ Int+3}
   (You found it in the Desolation of Salt)

   [ring of willpower]

   Int+3:     It affects your intelligence (+3).
   rN++:      It greatly protects you from negative energy.
   Will+:     It increases your willpower.
 H - the amulet of Beq Ileg {Reflect rElec rC- rCorr Dex+5 SH+5}
   (You bought it in a shop on level 4 of the Shoals)

   [amulet of reflection]

   Reflect:   It reflects blocked missile attacks.
   Dex+5:     It affects your dexterity (+5).
   rC-:       It makes you vulnerable to cold.
   rElec:     It insulates you from electricity.
   rCorr:     It protects you from acid and corrosion.
   SH+5:      It affects your SH (+5).
 I - the ring "Wikoig" (left hand) {rC+ Will- Str+3 Int+6 Dex+7}
   (You found it on level 5 of the Dungeon)

   [ring of intelligence]

   Str+3:     It affects your strength (+3).
   Int+6:     It affects your intelligence (+6).
   Dex+7:     It affects your dexterity (+7).
   rC+:       It protects you from cold.
   Will-:     It decreases your willpower.
 P - the ring "Xeteix" {rC+ Dex+3}
   (You took it off a deep elf blademaster on level 3 of the Elven Halls)

   [ring of protection from cold]

   Dex+3:     It affects your dexterity (+3).
   rC+:       It protects you from cold.
 S - a +4 ring of protection
 W - a +6 ring of intelligence
 X - a ring of see invisible
Talismans
 Q - a granite talisman
Wands
 n - a wand of polymorph (19)
 G - a wand of mindburst (24)
 J - a wand of iceblast (51)
 Z - a wand of charming (58)
Scrolls
 f - 12 scrolls of teleportation
 q - 5 scrolls of fog
 u - 2 scrolls of brand weapon
 x - 4 scrolls of silence
 z - 3 scrolls of fear
 B - a scroll of blinking
 C - 3 scrolls of poison
 E - 11 scrolls of enchant weapon
 N - 6 scrolls of revelation
 U - 5 scrolls of enchant armour
Potions
 d - 12 potions of curing
 j - 6 potions of might
 k - 2 potions of resistance
 m - 6 potions of mutation
 o - 3 potions of berserk rage
 K - a potion of attraction
 R - 4 potions of invisibility
 T - 5 potions of cancellation
 V - 8 potions of haste
 Y - 4 potions of ambrosia
Miscellaneous
 h - a phantom mirror
 w - a phial of floods
 M - a lightning rod (2/4)


   Skills:
 - Level 19.5 Fighting
 - Level 14.0 Short Blades
 - Level 14.4 Armour
 - Level 18.6 Dodging
 - Level 11.0 Stealth
 * Level 20.1 Spellcasting
 * Level 20.1 Conjurations
 * Level 20.1 Hexes
   Level 0.0 Charms
 * Level 20.1 Summonings
 * Level 20.1 Necromancy
 * Level 20.1 Translocations
   Level 0.0 Transmutations
 * Level 20.1 Fire Magic
 * Level 20.1 Ice Magic
 * Level 20.1 Air Magic
 * Level 20.1 Earth Magic
 * Level 20.1 Alchemy
 - Level 11.2 Invocations
 - Level 7.7 Evocations


You knew the following spells:

 Your Spells              Type           Power      Damage    Failure   Level
a - Sting                 Conj/Alch      100%       1d9       0%          1
b - Mercury Vapours       Alch/Air       100%       N/A       0%          2
c - Mephitic Cloud        Conj/Alch/Air  90%        N/A       0%          3
d - Olgreb's Toxic Radia  Alch           90%        N/A       0%          4
e - Sticky Flame          Fire/Alch      90%        2d14      0%          4
f - Sandblast             Erth           100%       2d20      0%          1
g - Static Discharge      Conj/Air       100%       3-8/arc   0%          2
h - Teleport Other        Tloc           90%        N/A       0%          3
i - Sigil of Binding      Hex            90%        N/A       0%          3
j - Irradiate             Conj/Alch      45%        3d26      0%          5
k - Borgnjor's Vile Clut  Necr/Erth      45%        N/A       0%          5
l - Death Channel         Necr           45%        N/A       1%          6
m - Eringya's Noxious Bo  Alch           45%        4d6       1%          6
n - Ozocubu's Refrigerat  Ice            45%        4d17      1%          7
o - Lehudib's Crystal Sp  Conj/Erth      45%        10d11     3%          8
p - Maxwell's Capacitive  Air            45%        ∞         3%          8
q - Fire Storm            Conj/Fire      45%        8d11      52%         9
Your spell library was empty.

Dungeon Overview and Level Annotations

Branches:
Dungeon (15/15)            Temple (0/1) D:7            Lair (5/5) D:11
 Shoals (4/4) Lair:2       Spider (4/4) Lair:3        Slime (5/5) Lair:5
    Orc (2/2) D:11            Elf (3/3) Orc:2        Vaults (5/5) D:14
  Crypt (0/3) Vaults:2     Depths (0/4) D:15          Sewer (visited)
Volcano (visited)         Desolation (visited)

Altars:
Dithmenos
Elyvilon
Fedhas
Gozag
Nemelex Xobeh
Ru
Trog
Yredelemnul
Beogh
Jiyva

Shops:
Orc:2 [([:   Elf:1 [(   Elf:3 (*=[***(?   Shoals:1 :   Shoals:2 [   Shoals:4 =*
Vaults:3 *   Vaults:4 *=::


Innate Abilities, Weirdness & Mutations

You are immune to sickness and miasma.
You are immune to poison.
Your flesh is very heat resistant. (rF++)
You are very vulnerable to cold. (rC--)
You float through the air rather than walking.
You learn spells naturally, not from books.
Your magical power is your life essence.
You have superior vitality. (+4 MHP)
You are agile. (Dex +4, Str/Int -1)
You are frail. (-10% HP)
Your muscles are very strong. (Str +8, Int/Dex -2)


Message History

The bolt of dispelling energy hits you!
* * * LOW HITPOINT WARNING * * *
The ironbound preserver casts a spell.
The ironbound preserver is healed somewhat.
The quicksilver dragon completely misses you. x2
Unknown command.
Unknown command.
Unknown command.
Okay, then.
Aiming: Thunderbolt
Press: ? - help, Shift-Dir - straight line, f - fire giant, p - quicksilver dragon
Aim: a fire giant, wielding a +2 great sword of flaming (moderately wounded, sheltered from injuries, extremely poisoned)
The thunderbolt hits the fire giant!!
The fire giant is heavily wounded.
The thunderbolt hits the ettin!!
The ettin is almost dead.
The thunderbolt hits the ironbound preserver!
The ironbound preserver is almost dead.
The thunderbolt hits the war gargoyle!
The war gargoyle resists.
The war gargoyle is lightly damaged.
The thunderbolt hits the quicksilver dragon!!
You kill the quicksilver dragon!
You kill the ironbound preserver!
You hear a deafening roar!
The queen bee changes into an anaconda!
You kill the ettin!
The war gargoyle launches metal splinters at you.
The spray of metal splinters misses you.
Unknown command.
Unknown command.
You are confused.
You feel invigorated.
The war gargoyle hits you but does no damage.
Unknown command.
The war gargoyle launches metal splinters at you.
The spray of metal splinters misses you.
The war gargoyle completely misses you.
You feel less invigorated.
You feel less confused.
The war gargoyle hits you with a +0 morningstar!!!
You die...

#!# #!#
#$# #$#
#)#
#...
#S#
#...
#C#
#...
#9# ,
#...
#@#
..,#...
###
#.)#...
...#...
......[
##....[
....†[[
...[.<<
..[[<[.
.....<<


You could see a fire giant (very poisoned), an anaconda shaped shifter and a war
gargoyle (strong).

Vanquished Creatures
  the Royal Jelly (Slime:5)
  4 dread liches
  Saint Roka (Vaults:1)
  Jorgrun (Elf:2)
  3 tentacled monstrosities
  2 deep elf blademasters (Elf:3)
  A lich (Vaults:5)
  A kraken (Shoals:2)
  5 titans (Vaults:5)
  2 deep elf master archers (Elf:3)
  A quicksilver dragon (Vaults:5)
  2 sphinxes
  An ancient champion (Vaults:2)
  24 acid blobs
  Agnes (D:15)
  6 shadow dragons
  8 tengu reavers
  17 azure jellies
  3 fire giants (Vaults:5)
  A frost giant (Vaults:5)
  14 rockslimes
  6 emperor scorpions
  Ilsuiw (Shoals:4)
  3 deep elf sorcerers
  19 vault wardens
  5 deep elf elementalists (Elf:3)
  5 orc warlords
  3 imperial myrmidons (Desolation)
  11 broodmothers
  21 quicksilver oozes
  4 very ugly things
  18 ironbound preservers
  5 formless jellyfish
  The ghost of Nelug the Black Belt, a journeyman OpSh of Wu Jian (Lair:4)
  11 ironbound thunderhulks
  4 stone giants
  9 dire elephants
  6 deep elf demonologists
  2 deep elf annihilators (Elf:3)
  7 deep elf death magi
  2 halazid warlocks (Desolation)
  2 spark wasps
  3 merfolk impalers
  2 crystal guardians
  10 ettins
  6 merfolk javelineers
  8 ragged hierophants (Desolation)
  A jiangshi (Vaults:2)
  3 deep elf high priests
  2 entropy weavers
  9 yaktaur captains
  6 great orbs of eyes
  31 vault guards
  6 servants of whispers (Desolation)
  4 merfolk aquamancers (Shoals:4)
  10 peacekeepers
  4 radroaches
  A spriggan skeleton (Abyss:3)
  4 hydras
  A caustic shrike simulacrum (Abyss:3)
  8 ogre magi
  3 catoblepae
  2 alligators (Lair:3)
  12 ironbound frosthearts
  28 centaur warriors
  7 merfolk avatars
  16 two-headed ogres
  8 boulder beetles
  2 alligator snapping turtles
  26 dancing weapons
  A jorogumo (Spider:2)
  4 satyrs
  2 tengu warriors (D:15)
  7 demonic crawlers
  A vampire mage (Vaults:2)
  6 orc high priests
  11 deep elf knights
  A fire crab (Volcano)
  A skyshark (shapeshifter) (Vaults:5)
  10 skysharks
  9 pharaoh ants
  A glowing orange brain (shapeshifter) (Vaults:5)
  6 orb spiders
  15 sea snakes
  A death drake (shapeshifter) (Vaults:2)
  5 phantasmal warriors
  A flayed ghost (Vaults:4)
  A swamp dragon (Lair:3)
  4 arcanists
  4 glowing orange brains
  28 deep trolls
  A goliath frog (shapeshifter) (Vaults:5)
  2 lindwurms
  3 thermic dynamos
  13 deep elf archers
  8 steelbarb worms
  4 necromancers
  24 ironbound convokers
  25 ugly things
  30 deep elf pyromancers
  32 harpies
  17 orc knights
  19 deep elf zephyrmancers
  13 wolf spiders
  A salamander (Volcano)
  5 orc sorcerers
  6 cyclopes
  14 manticores
  4 shining eyes
  6 moths of wrath
  26 elephants
  2 eyes of devastation (Slime:4)
  28 fauns
  9 meliai
  7 large abominations
  4 kobold blastminers
  16 merfolk sirens
  2 guardian serpents (Desolation)
  A meliai (shapeshifter) (D:13)
  6 torpor snails
  4 black mambas
  5 water nymphs
  23 vault sentinels
  A gargoyle (D:11)
  3 molten gargoyles (Desolation)
  7 komodo dragons
  7 rime drakes
  A smoke demon (Abyss:3)
  10 cane toads
  A rime drake (shapeshifter) (Elf:1)
  An orange demon (Abyss:3)
  An ancient zyme (Abyss:3)
  2 freezing wraiths
  21 yaktaurs
  3 kobold demonologists
  3 tengu conjurers
  6 trolls
  A hornet (shapeshifter) (D:13)
  54 saltlings
  A queen bee (D:13)
  A glass eye (Slime:5)
  8 wind drakes
  5 polar bears
  24 merfolk
  A tyrant leech (Lair:3)
  4 raiju (Abyss:3)
  23 tarantellas
  6 dream sheep
  7 blink frogs
  21 culicivoras
  8 snapping turtles
  98 slime creatures
  An air elemental (Elf:3)
  A human simulacrum (Vaults:4)
  A ynoxinul (Abyss:3)
  Sigmund (D:2)
  4 wyverns
  A spriggan (D:8)
  34 jumping spiders
  6 water elementals
  60 yaks
  4 fire elementals
  3 wraiths
  3 vampires
  14 golden eyes
  Grum (D:8)
  2 neqoxecs (Abyss:3)
  A golden eye (shapeshifter) (Elf:2)
  11 wargs
  3 steam dragons
  3 swamp worms (Lair:3)
  5 vampire mosquitoes
  49 redbacks
  Menkaure (D:5)
  2 acid dragons
  A swamp worm (shapeshifter) (Abyss:3)
  13 water moccasins
  An acid dragon (shapeshifter) (D:15)
  3 hell hounds (Volcano)
  21 orc warriors
  5 ice beasts
  A swamp drake (Lair:3)
  A sky beast (D:6)
  4 laughing skulls
  A black bear (D:7)
  15 wolves
  4 boggarts (D:14)
  2 human zombies (Vaults:4)
  17 ogres
  18 centaurs
  2 phantoms
  6 kobold brigands
  2 elf zombies (Elf:3)
  2 weeping skulls (Abyss:3)
  10 bullfrogs
  An earth elemental (Elf:1)
  A gnoll sergeant (D:7)
  3 small abominations (Abyss:3)
  A scorpion (D:5)
  A scorpion (shapeshifter) (Vaults:4)
  4 wights (D:8)
  26 killer bees
  3 howler monkeys (D:8)
  3 electric eels
  A quasit (Abyss:3)
  9 jellies (Slime:1)
  A bombardier beetle (D:6)
  A gnoll bouda (D:5)
  2 hounds
  35 orc priests
  4 iguanas
  16 orc wizards
  A sleepcap (D:6)
  Ijyb (D:5)
  A hound zombie (D:5)
  14 gnolls
  2 river rats (D:6)
  6 adders
  2 shadow imps (D:5)
  2 white imps
  4 ufetubi
  15 dart slugs
  3 ribbon worms
  118 orcs
  7 bats
  17 endoplasms
  12 giant cockroaches
  4 hobgoblins
  A jackal (D:3)
  6 quokkas
  15 ball pythons
  10 frilled lizards
  10 goblins
  29 kobolds
  11 rats
  3 tentacles (Shoals:2)
2021 creatures vanquished.

Vanquished Creatures (others)
  A deep elf knight (Elf:2)
  A deep elf zephyrmancer (Elf:3)
  A deep elf pyromancer (Elf:1)
  A raiju (Abyss:3)
  A small abomination (Abyss:3)
  6 tentacles (Shoals:2)
11 creatures vanquished.

Grand Total: 2032 creatures vanquished

Notes
Turn   | Place    | Note
-------+----------+-------------------------------------------
     0 | D:1      | alja1234 the Djinni Alchemist began the quest for the Orb.
     0 | D:1      | alja1234 set off with the following spells memorised:
                  | Sting, Mercury Vapours, Mephitic Cloud, Olgreb's Toxic
                  | Radiance, Sticky Flame.
     0 | D:1      | Reached XP level 1. HP: 15/15 MP: 0/0
    78 | D:1      | Reached XP level 2. HP: 14/22 MP: 0/0
   140 | D:1      | Reached skill level 1 in Fighting
   140 | D:1      | Reached XP level 3. HP: 6/27 MP: 0/0
   140 | D:1      | Learned a level 1 spell: Sandblast
   634 | D:1      | Reached XP level 4. HP: 30/32 MP: 0/0
  1143 | D:2      | Noticed Sigmund
  1161 | D:2      | Killed Sigmund
  1162 | D:2      | Reached XP level 5. HP: 12/39 MP: 0/0
  1162 | D:2      | Learned a level 2 spell: Static Discharge
  1162 | D:2      | Reached XP level 6. HP: 14/45 MP: 0/0
  2270 | D:3      | Found a shadowy altar of Dithmenos.
  2623 | D:3      | Found a white marble altar of Elyvilon.
  2637 | D:3      | Became a worshipper of Elyvilon the Healer
  2831 | D:4      | Reached XP level 7. HP: 47/50 MP: 0/0
  2831 | D:4      | Learned a level 3 spell: Teleport Other
  2871 | D:4      | Identified the +2 leather armour "Buadghif" {rPois MP-9
                  | Dex+4}
  3159 | D:4      | Reached * piety under Elyvilon
  3207 | D:4      | Reached skill level 5 in Spellcasting
  3207 | D:4      | Reached skill level 5 in Conjurations
  3207 | D:4      | Reached skill level 5 in Hexes
  3207 | D:4      | Reached skill level 5 in Summonings
  3207 | D:4      | Reached skill level 5 in Necromancy
  3207 | D:4      | Reached skill level 5 in Translocations
  3207 | D:4      | Reached skill level 5 in Fire Magic
  3207 | D:4      | Reached skill level 5 in Ice Magic
  3207 | D:4      | Reached skill level 5 in Air Magic
  3207 | D:4      | Reached skill level 5 in Earth Magic
  3207 | D:4      | Reached skill level 5 in Alchemy
  3722 | D:5      | Entered Level 5 of the Dungeon
  4160 | D:5      | Reached skill level 5 in Dodging
  4160 | D:5      | Reached XP level 8. HP: 50/58 MP: 0/0
  4239 | D:5      | Found a basalt altar of Yredelemnul.
  4241 | D:5      | Noticed Menkaure
  4255 | D:5      | Found a transporter.
  4257 | D:5      | Found a transporter.
  4563 | D:6      | Found a glowing drain.
  4571 | Sewer    | Entered a sewer
  5556 | D:6      | Reached ** piety under Elyvilon
  5788 | D:6      | Reached skill level 5 in Fighting
  5978 | D:6      | Reached XP level 9. HP: 57/65 MP: 0/0
  5978 | D:6      | Learned a level 3 spell: Sigil of Binding
  6060 | D:6      | Found a bloodstained altar of Trog.
  6812 | D:7      | Found a staircase to the Ecumenical Temple.
  6815 | D:7      | Reached *** piety under Elyvilon
  7438 | D:8      | Noticed Grum
  7451 | D:8      | HP: 3/66 [Grum/-1 spear of pain (1)]
  7454 | D:8      | Killed Grum
  7455 | D:8      | Reached skill level 1 in Invocations
  7844 | D:5      | Reached XP level 10. HP: 70/73 MP: 0/0
  7917 | D:5      | Noticed Ijyb
  7924 | D:5      | Killed Ijyb
  8529 | D:5      | Identified the ring "Wikoig" {rC+ Will- Str+3 Int+6 Dex+7}
  8612 | D:5      | Killed Menkaure
  9523 | D:8      | Reached **** piety under Elyvilon
  9553 | D:8      | Noticed a two-headed ogre
  9568 | D:8      | Killed a two-headed ogre
  9750 | D:8      | Noticed a two-headed ogre
  9750 | D:8      | Noticed a two-headed ogre
  9758 | D:8      | Killed a two-headed ogre
  9761 | D:8      | Killed a two-headed ogre
  9762 | D:8      | Reached XP level 11. HP: 48/84 MP: 0/0
  9762 | D:8      | Learned a level 5 spell: Irradiate
  9885 | D:8      | Found the +8 pair of quick blades "Gyre" and "Gimble"
                  | {protect}
 10002 | D:9      | Found a sacrificial altar of Ru.
 10148 | D:9      | Reached skill level 1 in Short Blades
 10340 | D:9      | Reached skill level 5 in Invocations
 10492 | D:9      | Found a sparkling altar of Nemelex Xobeh.
 10779 | D:10     | Entered Level 10 of the Dungeon
 10804 | D:10     | Found a roughly hewn altar of Beogh.
 10977 | D:10     | Reached skill level 10 in Fighting
 11135 | D:10     | Found an opulent altar of Gozag.
 11755 | D:11     | Found a staircase to the Lair.
 11785 | D:11     | Noticed a boulder beetle
 11959 | D:11     | Killed a boulder beetle
 11960 | D:11     | Reached XP level 12. HP: 33/93 MP: 0/0
 12334 | D:11     | Noticed a boulder beetle
 12346 | D:11     | Killed a boulder beetle
 12347 | D:11     | Reached skill level 10 in Dodging
 12462 | D:11     | Noticed a two-headed ogre
 12482 | D:11     | Killed a two-headed ogre
 12621 | D:11     | You are sucked into a shaft and drop 1 floor!
 12764 | D:11     | Noticed a boulder beetle
 12783 | D:11     | Killed a boulder beetle
 13009 | D:11     | Found a staircase to the Orcish Mines.
 13288 | D:12     | Reached ***** piety under Elyvilon
 13360 | D:12     | Noticed a two-headed ogre
 13364 | D:12     | Killed a two-headed ogre
 13792 | D:12     | Found a blossoming altar of Fedhas.
 13993 | D:13     | Noticed a boulder beetle
 14004 | D:13     | Killed a boulder beetle
 14052 | D:13     | Noticed a centaur warrior
 14058 | D:13     | Killed a centaur warrior
 14087 | D:13     | Reached XP level 13. HP: 53/101 MP: 0/0
 14087 | D:13     | Learned a level 5 spell: Borgnjor's Vile Clutch
 14323 | D:13     | Reached skill level 5 in Short Blades
 14547 | D:13     | Noticed a five-headed hydra
 14554 | D:13     | Killed a five-headed hydra
 14691 | D:13     | Noticed a centaur warrior
 14702 | D:13     | Killed a centaur warrior
 14861 | D:13     | Noticed an eight-headed hydra
 14867 | D:13     | Killed an eight-headed hydra
 15115 | D:13     | Noticed a catoblepas
 15125 | D:13     | Killed a catoblepas
 15710 | Lair:1   | Entered Level 1 of the Lair of Beasts
 16349 | Lair:1   | Reached XP level 14. HP: 105/110 MP: 0/0
 17476 | Lair:2   | Reached ****** piety under Elyvilon
 17617 | Lair:2   | Found a staircase to the Shoals.
 18296 | Lair:3   | Found a hole to the Spider Nest.
 18687 | Lair:3   | Identified the +3 plate armour "Laiferu" {Fly Regen+ Dex-2}
 19348 | Lair:4   | Reached skill level 1 in Armour
 19497 | Lair:4   | Reached skill level 15 in Fighting
 19502 | Lair:4   | Found a runed translucent gate.
 19539 | Lair:4   | Reached XP level 15. HP: 111/120 MP: 0/0
 19539 | Lair:4   | Learned a level 6 spell: Death Channel
 19789 | Lair:4   | Noticed Nelug's ghost (journeyman OpSh)
 19790 | Lair:4   | Found a runed translucent gate.
 19790 | Lair:4   | Found a runed translucent gate.
 20622 | Lair:4   | Killed Nelug's ghost
 20668 | Lair:4   | Identified the +10 scimitar of Ragnarok {freeze, rElec rN++
                  | Will+}
 20698 | Lair:5   | Entered Level 5 of the Lair of Beasts
 20911 | Lair:5   | Found a dark tunnel.
 20918 | Volcano  | Entered a volcano
 21859 | Lair:5   | Found a staircase to the Slime Pits.
 21868 | Lair:5   | Found a viscous altar of Jiyva.
 21911 | Lair:5   | Reached skill level 10 in Spellcasting
 21911 | Lair:5   | Reached skill level 10 in Conjurations
 21911 | Lair:5   | Reached skill level 10 in Hexes
 21911 | Lair:5   | Reached skill level 10 in Summonings
 21911 | Lair:5   | Reached skill level 10 in Necromancy
 21911 | Lair:5   | Reached skill level 10 in Translocations
 21911 | Lair:5   | Reached skill level 10 in Fire Magic
 21911 | Lair:5   | Reached skill level 10 in Ice Magic
 21911 | Lair:5   | Reached skill level 10 in Air Magic
 21911 | Lair:5   | Reached skill level 10 in Earth Magic
 21911 | Lair:5   | Reached skill level 10 in Alchemy
 22922 | Lair:5   | Identified the ring "Loosh" {rPois rN+ Will+}
 23195 | Orc:1    | Entered Level 1 of the Orcish Mines
 23210 | Orc:1    | Reached skill level 5 in Armour
 23452 | Orc:2    | Entered Level 2 of the Orcish Mines
 23697 | Orc:2    | Paralysed by an orc sorcerer for 2 turns
 23852 | Orc:2    | Found a staircase to the Elven Halls.
 24019 | Orc:2    | Noticed an orc warlord
 24031 | Orc:2    | Killed an orc warlord
 24032 | Orc:2    | Reached XP level 16. HP: 71/153 MP: 0/0
 24096 | Orc:2    | Gained mutation: You occasionally lose the ability to read
                  | scrolls when taking damage. [a neqoxec]
 24411 | Orc:2    | Found Roefi's Antique Armour Emporium.
 24452 | Orc:2    | Found a roughly hewn altar of Beogh.
 24488 | Orc:2    | Found Quizir's Antique Armour Emporium.
 24526 | Orc:2    | Found Iwywnios's Book Shoppe.
 24654 | Orc:2    | Found Ygrirph's Weapon Shoppe.
 24750 | Orc:2    | Bought a transparent robe for 182 gold pieces
 24750 | Orc:2    | Identified the +0 robe of Hizxyqat {*Corrode rC++ Str+3}
                  | (You bought it in a shop on level 2 of the Orcish Mines)
 24750 | Orc:2    | Bought a runed hat for 224 gold pieces
 24987 | Shoals:1 | Entered Level 1 of the Shoals
 26038 | Shoals:1 | Found Doaff's Vocational Training.
 27452 | Shoals:2 | Found Qep Jul's Antique Armour Shoppe.
 27460 | Shoals:2 | Bought a pair of runed gloves for 240 gold pieces
 27519 | Shoals:2 | Noticed a kraken
 27531 | Shoals:2 | Reached skill level 10 in Short Blades
 27792 | Shoals:2 | Reached XP level 17. HP: 119/135 MP: 0/0
 27792 | Shoals:2 | Learned a level 6 spell: Eringya's Noxious Bog
 28203 | Shoals:2 | Killed a kraken
 29030 | Shoals:3 | Reached skill level 15 in Dodging
 30816 | Shoals:4 | Entered Level 4 of the Shoals
 30821 | Shoals:4 | Found Buonerus's Jewellery Emporium.
 32541 | Shoals:4 | Got a barnacled rune of Zot
 32750 | Shoals:4 | Reached XP level 18. HP: 142/143 MP: 0/0
 33069 | Shoals:4 | Found Wechaurr's CLEARANCE SALE!.
 33197 | Shoals:4 | Identified the ring of Huap {*Slow rC++ Str+6 Int+8 Dex-2}
 33292 | Shoals:4 | Bought the amulet of Beq Ileg {Reflect rElec rC- rCorr
                  | Dex+5 SH+5} for 743 gold pieces
 33326 | Shoals:4 | Noticed Ilsuiw
 33339 | Shoals:4 | Killed Ilsuiw
 34349 | Elf:1    | Entered Level 1 of the Elven Halls
 34889 | Abyss:3  | Cast into level 3 of the Abyss (a deep elf demonologist)
 34996 | Abyss:3  | Gained mutation: You are clumsy. (Dex -2) [a neqoxec]
 35455 | Elf:1    | Escaped the Abyss
 35652 | Elf:1    | Found Veihuc's Weapon Shop.
 35788 | Elf:1    | Found Rakahid's Antique Armour Shoppe.
 35797 | Elf:1    | Bought a pair of translucent gloves for 389 gold pieces
 35797 | Elf:1    | Identified the +0 pair of gloves "Raiveama" {rC+ Will-
                  | Dex+2} (You bought it in a shop on level 1 of the Elven
                  | Halls)
 36881 | Elf:2    | Reached XP level 19. HP: 132/150 MP: 0/0
 36881 | Elf:2    | Learned a level 7 spell: Ozocubu's Refrigeration
 36954 | Elf:2    | Found a runed translucent gate.
 36955 | Elf:2    | Found a runed translucent gate.
 36955 | Elf:2    | Found a runed translucent gate.
 37430 | Elf:2    | Noticed Jorgrun
 37445 | Elf:2    | Killed Jorgrun
 38626 | Elf:3    | Entered Level 3 of the Elven Halls
 38627 | Elf:3    | Found Pedevuul's General Store.
 38630 | Elf:3    | Found Zuhaorou's Antique Weapon Boutique.
 38630 | Elf:3    | Found Osudom's Antique Armour Shop.
 38634 | Elf:3    | Found Caloroc's General Store.
 38645 | Elf:3    | Found Hireptov's Jewellery Shop.
 38695 | Elf:3    | Found Kaff's Assorted Antiques.
 38713 | Elf:3    | Bought a scroll of blinking for 322 gold pieces
 38729 | Elf:3    | Found Hulynal's General Store.
 38733 | Elf:3    | Found Ruvidot's Magic Scroll Boutique.
 38739 | Elf:3    | Bought a scroll of blinking for 157 gold pieces
 38747 | Elf:3    | Bought a scroll of blinking for 120 gold pieces
 39116 | Elf:3    | Found Zinkaasch's Weapon Shoppe.
 39187 | Elf:3    | Paralysed by an air elemental for 1 turns
 40777 | Elf:3    | Noticed a deep elf blademaster
 40786 | Elf:3    | Killed a deep elf blademaster
 41802 | Elf:3    | Identified the ring "Xeteix" {rC+ Dex+3}
 41802 | Elf:3    | Noticed a deep elf blademaster
 41829 | Elf:3    | Killed a deep elf blademaster
 41974 | Elf:3    | Identified the +1 leather armour of the Cobbler {rElec rF+
                  | Str+2 Slay-6}
 41974 | Elf:3    | Identified the amulet of Ilio {rElec Regen+ Str+8 Int-5}
 41978 | Elf:3    | Reached XP level 20. HP: 131/157 MP: 0/0
 42246 | Elf:3    | Identified the staff "Gayxour" {rC+ rN+ Will- Str+2 Ice}
 42252 | Elf:3    | Identified the scarf "Buloaxoh" {+Inv, rN++ rCorr Dex+4
                  | Stlth-}
 42267 | Elf:3    | Identified the +4 quarterstaff of the Leaping Fox {speed,
                  | Int+4}
 42735 | Spider:1 | Entered Level 1 of the Spider Nest
 43621 | Spider:1 | Reached skill level 10 in Armour
 43621 | Spider:1 | Reached skill level 1 in Evocations
 47858 | Spider:4 | Entered Level 4 of the Spider Nest
 49659 | Spider:4 | Reached XP level 21. HP: 132/163 MP: 0/0
 49659 | Spider:4 | Learned a level 8 spell: Lehudib's Crystal Spear
 49684 | Spider:4 | Got a gossamer rune of Zot
 49729 | Spider:4 | Reached skill level 15 in Spellcasting
 49729 | Spider:4 | Reached skill level 15 in Conjurations
 49729 | Spider:4 | Reached skill level 15 in Hexes
 49729 | Spider:4 | Reached skill level 15 in Summonings
 49729 | Spider:4 | Reached skill level 15 in Necromancy
 49729 | Spider:4 | Reached skill level 15 in Translocations
 49729 | Spider:4 | Reached skill level 15 in Fire Magic
 49729 | Spider:4 | Reached skill level 15 in Ice Magic
 49729 | Spider:4 | Reached skill level 15 in Air Magic
 49729 | Spider:4 | Reached skill level 15 in Earth Magic
 49729 | Spider:4 | Reached skill level 15 in Alchemy
 50545 | D:14     | Reached skill level 5 in Evocations
 50864 | D:14     | Found a gate to the Vaults.
 52164 | D:15     | Entered Level 15 of the Dungeon
 52198 | D:15     | Found a staircase to the Depths.
 53249 | D:15     | Noticed Agnes
 53256 | D:15     | Killed Agnes
 53539 | Vaults:1 | Entered Level 1 of the Vaults
 54080 | Vaults:1 | Noticed Saint Roka
 54100 | Vaults:1 | Killed Saint Roka
 54432 | Vaults:1 | Reached XP level 22. HP: 142/169 MP: 0/0
 56257 | Slime:1  | Entered Level 1 of the Pits of Slime
 57752 | Slime:2  | Gained mutation: You are occasionally teleported next to
                  | monsters. [a shining eye]
 57753 | Slime:2  | Gained mutation: Potions are less effective at restoring
                  | your health. [a shining eye]
 58035 | Slime:2  | Lost mutation: You occasionally lose the ability to read
                  | scrolls when taking damage. [potion of mutation]
 58035 | Slime:2  | Lost mutation: Potions are less effective at restoring your
                  | health. [potion of mutation]
 58035 | Slime:2  | Lost mutation: You are occasionally teleported next to
                  | monsters. [potion of mutation]
 58035 | Slime:2  | Gained mutation: Your skin changes colour to match your
                  | surroundings (Stealth+). [potion of mutation]
 58035 | Slime:2  | Gained mutation: You are somewhat resistant to further
                  | mutation. [potion of mutation]
 58035 | Slime:2  | Gained mutation: You are resistant to electric shocks.
                  | (rElec) [potion of mutation]
 58246 | Slime:2  | Found a viscous altar of Jiyva.
 60890 | Slime:5  | Entered Level 5 of the Pits of Slime
 61285 | Slime:5  | Found a viscous altar of Jiyva.
 61418 | Slime:5  | Noticed the Royal Jelly
 63936 | Slime:5  | Killed the Royal Jelly
 64004 | Slime:5  | Got a slimy rune of Zot
 64538 | Vaults:2 | Reached XP level 23. HP: 155/176 MP: 0/0
 64538 | Vaults:2 | Learned a level 8 spell: Maxwell's Capacitive Coupling
 65600 | Vaults:2 | Gained mutation: You are very vulnerable to cold. (rC--)
                  | [mutagenic glow]
 66422 | Vaults:2 | Found a staircase to the Crypt.
 66682 | Vaults:3 | Found Eshrecoq's General Store.
 66838 | Vaults:3 | Found a crumbling gateway.
 66858 | Desolati | Entered the Desolation of Salt
 67126 | Desolati | Reached skill level 5 in Stealth
 67231 | Desolati | Reached skill level 10 in Invocations
 67465 | Desolati | Identified the ring of Gyleonur {rF+ Str-3 Int+6 Dex+4
                  | Slay+3}
 67468 | Desolati | Identified the ring "Caepnair" {^Drain rF+ Will+ Int+5}
 67815 | Desolati | Reached XP level 24. HP: 128/184 MP: 0/0
 67947 | Desolati | Identified the ring "Waoraf" {rElec Will+}
 67949 | Desolati | Identified the +8 eveningstar of Beogh, Lusting {speed,
                  | Str+3 Int+5 Dex-4}
 67987 | Desolati | Identified the ring of Daisies {Fly Will+ Dex+6}
 68182 | Desolati | Identified the ring "Rangorchi" {rN+ rCorr Str+6}
 68556 | Desolati | Identified the ring "Haenkoam" {rN++ Will+ Int+3}
 70207 | Vaults:4 | Identified the staff of Greed {+Blink rC+ MP+9 Stlth- Necro
                  | Ice}
 70281 | Vaults:4 | Identified the +1 robe of Defiance {rF+ Regen+}
 70572 | Vaults:4 | Found Wimetac's Jewellery Shop.
 70949 | Vaults:4 | Found Anuex's Book Emporium.
 71162 | Vaults:4 | Found Caps's Book Boutique.
 71511 | Vaults:4 | Found Zoutepul's General Store.
 71525 | Vaults:4 | Bought a +1 helmet of intelligence for 330 gold pieces
 71641 | Vaults:5 | Entered Level 5 of the Vaults
 71641 | Vaults:5 | Noticed a dread lich
 71645 | Vaults:5 | Noticed a dread lich
 71647 | Vaults:5 | Reached XP level 25. HP: 148/191 MP: 0/0
 71647 | Vaults:5 | Learned a level 9 spell: Fire Storm
 71735 | Vaults:5 | Noticed a dread lich
 71738 | Vaults:5 | Killed a dread lich
 71742 | Vaults:4 | Paralysed by something for 5 turns
 71747 | Vaults:4 | Killed a dread lich
 71819 | Vaults:4 | Killed a dread lich
 71941 | Vaults:5 | Found the +8 Wrath of Trog {antimagic, *Rage Rampage}
 71946 | Vaults:5 | Reached skill level 10 in Stealth
 71966 | Vaults:5 | Noticed a dread lich
 71976 | Vaults:5 | Gained mutation: You are occasionally teleported next to
                  | monsters. [mutagenic glow]
 71988 | Vaults:5 | Lost mutation: You are resistant to electric shocks.
                  | (rElec) [potion of mutation]
 71988 | Vaults:5 | Lost mutation: You are somewhat resistant to further
                  | mutation. [potion of mutation]
 71988 | Vaults:5 | Lost mutation: Your skin changes colour to match your
                  | surroundings (Stealth+). [potion of mutation]
 71988 | Vaults:5 | Gained mutation: Your movements are slightly less
                  | encumbered by armour. (ER -2) [potion of mutation]
 71989 | Vaults:5 | Lost mutation: You are occasionally teleported next to
                  | monsters. [potion of mutation]
 71989 | Vaults:5 | Lost mutation: Your movements are slightly less encumbered
                  | by armour. (ER -2) [potion of mutation]
 71989 | Vaults:5 | Lost mutation: You are clumsy. (Dex -2) [potion of
                  | mutation]
 71989 | Vaults:5 | Gained mutation: Your muscles are strong. (Str +4, Int/Dex
                  | -1) [potion of mutation]
 71989 | Vaults:5 | Gained mutation: You are frail. (-10% HP) [potion of
                  | mutation]
 71989 | Vaults:5 | Gained mutation: You are agile. (Dex +4, Str/Int -1)
                  | [potion of mutation]
 71989 | Vaults:5 | Gained mutation: Your muscles are very strong. (Str +8,
                  | Int/Dex -2) [potion of mutation]
 72163 | Vaults:5 | Killed a dread lich
 72222 | Vaults:5 | Slain by a war gargoyle

Illustrated notes

Levels and vault maps discovered:
D:1:      lemuel_arrival_rhombus, layout_loops_cross
D:2:      layout_basic, minmay_misc_feat_columns, uniq_sigmund
D:3:      minmay_chambers_of_threes, layout_basic,
          mainiacjoe_overflow_concentric_impassable,
          lemuel_coloured_pillars_altar, minmay_three_crescents
D:4:      layout_basic, chequers_mini_garden
D:5:      layout_basic, gammafunk_temple_of_torment, dreamdust_wishing_well,
          nrook_uturn, uniq_ijyb
D:6:      layout_gridville, overflow_temple_1_default,
          mainiacjoe_sewer_entry_somewhere_in_here_2
D:7:      layout_loops_ring, minmay_temple_entry_junction_2
D:8:      layout_loops_cross, hellmonk_guarded_unrand_gyre_and_gimble, uniq_grum
D:9:      layout_long_grid, mainiacjoe_overflow_tiny_flanked,
          lemuel_doored_altar
D:10:     layout_basic, grunt_gozag_statues, special_room [special_room_orc]
D:11:     layout_big_octagon, david_orc_4
D:12:     layout_roguey, fedhas_altar_1
D:13:     layout_roguey, special_room [special_room_bee], lemuel_flame_loot_1
D:14:     layout_basic, david_vaults_1, minmay_misc_feat_cross
D:15:     hangedman_depths_entry_civil_slaughter, layout_small_grid, uniq_agnes
Lair:1:   layout_small_grid, lemuel_fruit_fields, grunt_megastairs_2
Lair:2:   layout_gridlike, elwin_shoals_entry_stream,
          cheibrodos_lair_caveside_slide, grunt_megastairs_3,
          infiniplex_staircase_pool
Lair:3:   onia_ninara_swampy_vault, layout_chaotic_city,
          nicolae_spider_entry_tight_spaces
Lair:4:   layout_small_grid, gammafunk_ghost_hydra_chop
Lair:5:   gammafunk_lair_ancient_temple, layout_regular_city,
          minmay_slime_entry_pillars, nicolae_volcano_entry_two_sided,
          serial_bayou_pond_c, chequers_serial_rivers_large_a, st_stairs_4
Shoals:1: layout_shoals, nicolae_shop_vocational
Shoals:2: layout_shoals, serial_shops, shop
Shoals:3: layout_shoals, nicolae_shoals_lost_giant_pillars
Shoals:4: shoals_end_grunt_garden, layout_shoals, shoals_ilsuiw_ice,
          serial_shops, shop, nicolae_shop_clearance
Spider:1: layout_chambers, nicolae_spider_circle_web, guppyfry_spider_mini_2
Spider:2: layout_spider_delve, guppyfry_spider_mini_3
Spider:3: nicolae_spider_brood_tunnel
Spider:4: hellmonk_spider_rune_endless_swarm
Slime:1:  nicolae_slime_jelly_donut, layout_caves
Slime:2:  cheibrodos_slime_lost_civilization_2, layout_caves, basic_altar
Slime:3:  layout_caves
Slime:4:  layout_caves, nicolae_slime_barrier
Slime:5:  slime_pit_nicolae_jellycorners
Orc:1:    emtedronai_trogs_sanctum, layout_caves
Orc:2:    st_orc_town, layout_caves
Elf:1:    eino_elf_arrival_customs, layout_loops_ring, serial_shops, shop, shop,
          minmay_elf_demonology, dk_noncrumbling_3, palyth_stone_intersect
Elf:2:    nicolae_elf_blades_crystal_corner, layout_geoelf_diagonals,
          uniq_jorgrun
Elf:3:    elf_hall_gauntlet_narrow, layout_rooms, serial_shops, shop_coins,
          nicolae_shop_pleasant_corner_grove, shop, shop, shop,
          minmay_elf_necromancy, minmay_shoptagon
Vaults:1: mu_enter_wizlab_3, vaults_room_door_ring,
          nicolae_vaults_trapezoid_lopsided_1, grunt_vaults_hallway_short,
          v_alt_pattern_4, nicolae_vaults_heart-shaped_vault,
          nicolae_vaults_trapezoid_lopsided_3,
          nicolae_vaults_security_offices_1, nicolae_vaults_tetromino_T_1,
          nicolae_vaults_little_squares_1, nicolae_vaults_little_squares_2,
          v_misc_31, nicolae_vaults_surprise_closet, layout_vaults_omnigrid,
          uniq_saint_roka
Vaults:2: nicolae_vaults_little_ls, nicolae_vaults_asterisk,
          nicolae_vaults_variable_pillar_hall, ontoclasm_vaults_ring_small,
          nicolae_vaults_heart-shaped_vault, minmay_crypt_entry_simple_walls,
          dpeg_vaults_monster_row, hangedman_vaults_corner_blocks,
          ontoclasm_vaults_ring_small, vaults_room_hangedman_quadrants,
          v_misc_33, minmay_orc_keep, dpeg_vaults_monster_box, v_misc_2,
          layout_vaults_big_cross
Vaults:3: portal_desolation_entry_salt, hangedman_vaults_restitches,
          nicolae_vaults_tetromino_L_1, st_octagons_2,
          nicolae_vaults_network_star, nicolae_vaults_spaceships,
          nicolae_vaults_specimen_jars, v_misc_9,
          nicolae_vaults_mini_display_case, vaults_room_ringed_pool,
          layout_vaults_big_room, serial_shops, shop
Vaults:4: nicolae_vaults_disjoint_gnomons, hangedman_vaults_snaps,
          st_more_cells, hangedman_vaults_trim, nicolae_vaults_six-pack,
          serial_ice_m, nicolae_vaults_six-pack, ontoclasm_vaults_ring_small,
          hangedman_vaults_cutoff, nicolae_vaults_circle_grid_a,
          layout_vaults_maze_snakey, serial_shops, shop_fountains,
          nicolae_shop_behind_doors, nicolae_book_shop_shelving,
          nicolae_shop_hallway_plus
Vaults:5

Skill      XL: |  1  2  3  4  5  6  7  8  9 10 11 12 13 14 15 16 17 18 19 20 21 22 23 24 25 |
---------------+----------------------------------------------------------------------------+-----
Fighting       | 1 2 3 5 6 9 10 12 13 15 16 17 18 19 | 19.5
Dodging        | 3 4 5 6 7 8 9 10 11 13 14 15 16 17 18 | 18.6
Spellcasting   | 4 5 6 7 8 9 10 11 12 14 16 17 18 20 | 20.1
Conjurations   | 4 5 6 7 8 9 10 11 12 14 16 17 18 20 | 20.1
Hexes          | 4 5 6 7 8 9 10 11 12 14 16 17 18 20 | 20.1
Summonings     | 4 5 6 7 8 9 10 11 12 14 16 17 18 20 | 20.1
Necromancy     | 4 5 6 7 8 9 10 11 12 14 16 17 18 20 | 20.1
Translocations | 4 5 6 7 8 9 10 11 12 14 16 17 18 20 | 20.1
Fire Magic     | 4 5 6 7 8 9 10 11 12 14 16 17 18 20 | 20.1
Ice Magic      | 4 5 6 7 8 9 10 11 12 14 16 17 18 20 | 20.1
Air Magic      | 4 5 6 7 8 9 10 11 12 14 16 17 18 20 | 20.1
Earth Magic    | 4 5 6 7 8 9 10 11 12 14 16 17 18 20 | 20.1
Alchemy        | 4 5 6 7 8 9 10 11 12 14 16 17 18 20 | 20.1
Invocations    | 1 4 5 7 8 10 11 | 11.2
Short Blades   | 3 4 6 8 10 11 13 14 | 14.0
Armour         | 1 5 7 8 9 10 12 13 14 | 14.4
Evocations     | 4 7 |  7.7
Stealth        | 5 8 11 | 11.0

Action                     |  1- 3 |  4- 6 |  7- 9 | 10-12 | 13-15 | 16-18 | 19-21 | 22-24 | 25-27 || total
---------------------------+-------+-------+-------+-------+-------+-------+-------+-------+-------++-------
  Melee: Dagger            |       |     1 |    23 |    28 |       |       |       |       |       ||    52
         Flail             |       |       |    75 |       |       |       |       |       |       ||    75
         Pair of quick bla |       |       |       |   194 |   949 |  1874 |  1259 |  1490 |   172 ||  5938
         Scimitar          |       |       |       |       |    79 |       |       |       |       ||    79
   Cast: Sting             |    38 |   122 |   122 |    17 |       |     5 |       |       |       ||   304
         Static Discharge  |       |       |     9 |       |       |       |       |       |       ||     9
         Olgreb's Toxic Ra |       |       |    59 |    91 |   142 |   189 |   226 |   117 |    25 ||   849
         Sticky Flame      |       |       |     6 |    20 |    27 |     6 |     7 |     9 |       ||    75
         Sigil of Binding  |       |       |     2 |       |       |       |     4 |       |       ||     6
         Sandblast         |       |       |     1 |    15 |     6 |     1 |     2 |       |       ||    25
         Teleport Other    |       |       |     1 |     2 |     6 |     2 |       |       |       ||    11
         Mephitic Cloud    |       |       |       |    23 |    17 |    31 |     2 |       |     3 ||    76
         Irradiate         |       |       |       |    11 |    24 |    24 |    17 |    41 |    18 ||   135
         Eringya's Noxious |       |       |       |       |       |    13 |    11 |    25 |     7 ||    56
         Ozocubu's Refrige |       |       |       |       |       |       |   235 |   391 |    24 ||   650
         Lehudib's Crystal |       |       |       |       |       |       |     7 |    43 |     7 ||    57
         Maxwell's Capacit |       |       |       |       |       |       |       |     5 |    11 ||    16
 Invoke: Heal Self         |       |       |     1 |     2 |     8 |    31 |    25 |    16 |    13 ||    96
         Purification      |       |       |       |       |     1 |     2 |     1 |     1 |     1 ||     6
         Divine Vigour     |       |       |       |       |     1 |       |       |     2 |     1 ||     4
  Evoke: Lightning rod     |       |       |       |       |       |       |     1 |       |     2 ||     3
    Use: Potion            |       |       |       |     1 |       |       |     1 |     2 |    20 ||    24
         Scroll            |       |       |       |       |    15 |     1 |     9 |    13 |     4 ||    42
   Stab: Confused          |       |       |       |    10 |    19 |    17 |       |       |       ||    46
         Distracted        |       |       |       |       |     1 |       |       |     1 |       ||     2
         Sleeping          |       |       |       |       |       |       |     3 |     3 |       ||     6
         Invisible         |       |       |       |       |       |       |       |       |     1 ||     1
 Armour: Robe              |     8 |    18 |   114 |       |       |       |       |       |       ||   140
         Leather armour    |       |       |       |    90 |   239 |   311 |   179 |   127 |       ||   946
         Skin              |       |       |       |       |       |       |     2 |       |       ||     2
         Ring mail         |       |       |       |       |       |       |       |   160 |   108 ||   268
  Dodge: Dodged            |     3 |    22 |   135 |   130 |   579 |   713 |   460 |   546 |   163 ||  2751
  Block: Other             |       |       |       |       |       |    34 |    77 |    11 |       ||   122
         Reflection        |       |       |       |       |       |     5 |    10 |     1 |       ||    16

Table legend: (Time is in decaauts)
 A = Elapsed time spent in this place.
 B = Non-inter-level travel time spent in this place.
 C = Inter-level travel time spent in this place.
 D = Time resting spent in this place.
 E = Time spent auto-exploring this place.
 F = Levels seen in this place.
 G = Mean time per level.
                   A        B        C        D        E       F      G
               +--------+--------+--------+--------+--------+-----+--------+
         Total |  71773 |  67586 |   4187 |  24285 |  33093 |  47 | 1527.1 |
       Dungeon |  18264 |  16881 |   1383 |   3455 |  11026 |  15 | 1217.6 |
          Lair |   7246 |   6415 |    831 |   1399 |   3924 |   5 | 1449.2 |
        Shoals |   9132 |   8871 |    261 |   4292 |   3484 |   4 | 2283.0 |
   Spider Nest |   7593 |   7480 |    113 |   2736 |   4094 |   4 | 1898.2 |
    Slime Pits |   7935 |   6986 |    949 |   4172 |   2004 |   5 | 1587.0 |
  Orcish Mines |   1647 |   1514 |    133 |    344 |    850 |   2 |  823.5 |
   Elven Halls |   7619 |   7370 |    249 |   4288 |   2099 |   3 | 2539.7 |
        Vaults |   8296 |   8031 |    265 |   1745 |   4845 |   5 | 1659.2 |
         Abyss |    530 |    530 |      0 |    276 |      0 |   1 |  530.0 |
         Sewer |    912 |    912 |      0 |    559 |    138 |   1 |  912.0 |
       Volcano |    769 |    769 |      0 |    342 |     12 |   1 |  769.0 |
    Desolation |   1825 |   1825 |      0 |    676 |    616 |   1 | 1825.0 |
               +--------+--------+--------+--------+--------+-----+--------+

Top non-repeatable levels by time:
Shoals:3: 3491 daAuts
   Elf:3: 3115 daAuts
   Elf:2: 3025 daAuts
 Slime:5: 2758 daAuts
Vaults:1: 2534 daAuts
Spider:4: 2487 daAuts
Shoals:1: 2130 daAuts
Vaults:2: 2095 daAuts
Shoals:4: 1986 daAuts
Spider:3: 1924 daAuts
Desolation: 1825 daAuts
    D:13: 1797 daAuts
 Slime:2: 1787 daAuts
Vaults:4: 1783 daAuts
  Lair:5: 1731 daAuts
